 Dungeon Crawl Stone Soup version 0.17-a0-896-g249456b (webtiles) character file.

18397 hornqvist the Cleaver (level 12, 0/89 HPs)
             Began as a Formicid Fighter on May 1, 2015.
             Was an Initiate of Gozag.
             Slain by an enormous slime creature (75 damage)
             ... on level 13 of the Dungeon.
             The game lasted 00:25:38 (15357 turns).

hornqvist the Cleaver (Formicid Fighter)           Turns: 15357, Time: 00:25:39

Health: 0/89       AC: 23    Str: 23    XL:     12   Next: 94%
Magic:  12/12      EV: 11    Int:  8    God:    Gozag
Gold:   638        SH: 19    Dex: 11    Spells: 0 memorised, 11 levels left

rFire  . . .     SeeInvis +     H - +2 great mace (protect)
rCold  . . .     Clarity  +     F - +0 plate armour
rNeg   . . .     SustAb   .     O - +0 large shield
rPois  .         Gourm    .     (helmet unavailable)
rElec  .         Spirit   .     K - +0 cloak {MR+}
rCorr  .         Warding  .     m - +2 pair of gloves
rMut   .         Stasis   +     a - +2 pair of boots {run}
MR     +++..                    A - amulet of regeneration
Stlth  ..........               D - +2 ring of evasion
                                Q - ring of flight

@: quick, extremely resistant to hostile enchantments, extremely unstealthy
A: permanent stasis, dig shafts and tunnels, four strong arms, antennae 3,
clarity, magic resistance 1, robust 1, weak 1
a: Dig, Shaft Self, Potion Petition, Call Merchant, Bribe Branch, Renounce
Religion, Evoke Flight


You were on level 13 of the Dungeon.
You worshipped Gozag.
Gozag was noncommittal.
You were not hungry.

You visited 2 branches of the dungeon, and saw 14 of its levels.
You also visited: Labyrinth.

You collected 2344 gold pieces.
You spent 279 gold pieces at shops.
You paid 1427 gold pieces to Gozag.

Inventory:

Hand weapons
 t - a +2 hand axe of venom
 E - a +1 war axe of chopping
 H - a +2 great mace of protection (weapon)
Armour
 a - a +2 pair of boots of running (worn)
 k - a +0 pair of boots
 m - a +2 pair of gloves (worn)
 F - a +0 plate armour (worn)
 K - a +0 cloak of magic resistance (worn)
 O - a +0 large shield (worn)
Jewellery
 d - an uncursed ring of protection from magic
 A - an amulet of regeneration (around neck)
 C - an uncursed ring of stealth
 D - a +2 ring of evasion (right hand)
 L - the ring "Feagagesk" {Fire Str-2 Dex+3}
   (You found it on level 10 of the Dungeon)

   [ring of fire]

   It enhances your fire magic, and weakens your ice magic.
   It affects your strength (-2).
   It affects your dexterity (+3).
   It protects you from fire.
   It makes you vulnerable to cold.
 Q - a ring of flight (left hand)
Magical devices
 f - a wand of magic darts (11)
 i - a wand of fireball (9)
 j - a wand of frost (18)
 v - a wand of disintegration (8)
 J - a wand of cold (3)
 N - a wand of draining (6)
 R - a wand of slowing (36)
Scrolls
 g - 2 scrolls of amnesia
 h - 4 scrolls of remove curse
 l - 13 scrolls of identify
 w - 2 scrolls of recharging
 y - a scroll of fear
 G - a scroll of magic mapping
 P - a scroll of summoning
Potions
 b - a potion of agility
 c - a potion of experience {unknown}
 n - a potion of cure mutation
 q - 3 potions of curing
 s - 3 potions of flight
 z - 3 potions of brilliance
 B - a potion of cancellation {unknown}
 I - a potion of resistance {unknown}
Comestibles
 e - 9 bread rations
 u - 5 meat rations


   Skills:
 - Level 3.2 Fighting
 * Level 14.0 Axes
 - Level 3.2 Armour
 + Level 9.2 Dodging
 + Level 12.6 Shields


You had 11 spell levels left.
You didn't know any spells.

Dungeon Overview and Level Annotations

Branches:
Dungeon (13/15)            Temple (1/1) D:5            Lair (0/8) D:10
    Orc (0/4) D:9
 Vaults: D:13-14

Altars:
Ashenzari
Cheibriados
Dithmenos
Elyvilon
Fedhas
Gozag
Kikubaaqudgha
Makhleb
Nemelex Xobeh
Okawaru
Qazlal
Ru
Sif Muna
Trog
Vehumet
Xom
Yredelemnul
The Shining One

Shops:
D:8 !%?((   D:10 =   D:12 [

Annotations:
D:11 2 runed doors


Innate Abilities, Weirdness & Mutations

You are under a permanent stasis effect.
You can dig through walls and to a lower floor.
Your four strong arms can wield two-handed weapons with a shield.
You have a pair of large antennae on your head (SInv).
You possess an exceptional clarity of mind.
You are resistant to hostile enchantments.
You are robust (+10% HP).
You are weak. (Str -2)


Message History

Your plate armour prevents you from hitting the slime creature.
You block the slime creature's attack. The slime creature hits you!
You take 12 damage, and have 77/89 hp.
You sock the slime creature! You block the slime creature's attack.
Two slime creatures merge to form a very large slime creature.
The slime creature completely misses you.
Your plate armour prevents you from hitting the slime creature.
Two slime creatures merge to form an enormous slime creature.
The slime creature closely misses you.
You completely miss the slime creature. You block the slime creature's attack.
Your plate armour prevents you from hitting the slime creature.
You block the slime creature's attack.
You block the enormous slime creature's attack.
The slime creature barely misses you.
You bludgeon the slime creature!! The enormous slime creature hits you.
The slime creature closely misses you.
The enormous slime creature hits you!!!!
Ouch! That really hurt!
You die...
Your body crumbles into a pile of gold.

P...# ....#
....# P...#
P..## ...# ...#
##### ...#
#...######...#
...#
#..@J.......
####
##$.J#.#####.
#.#.## # #.###
### #..## . #.#
#.#..## ####..
##.#
..###..##......
#.## #.##
##..........
..# #.
##.....#..


You could see an enormous slime creature and a slime creature.

Vanquished Creatures
  A minotaur (Lab)
  2 hydras (D:13)
  Urug (D:10)
  4 hill giants
  Pikel (D:7)
  5 ugly things
  A manticore (D:11)
  2 cyclopes
  Maurice (D:9)
  A kobold demonologist (D:11)
  2 minotaur zombies (Lab)
  2 two-headed ogres
  2 hungry ghosts
  A wraith (D:13)
  Eustachio (D:5)
  A spriggan (D:7)
  A wyvern (D:11)
  A warg (D:9)
  3 hippogriffs
  A water moccasin (D:12)
  11 orc warriors
  3 black bears
  4 ogres
  5 phantoms
  A slave (D:7)
  A wasp (D:9)
  5 sky beasts
  An eye of draining (D:11)
  3 ice beasts
  12 centaurs
  A big kobold (D:11)
  5 scorpions
  A wyvern zombie (D:10)
  8 giant frogs
  5 killer bees (D:9)
  8 wights
  An electric eel (D:11)
  2 crimson imps
  An iron imp (D:5)
  2 jellies
  2 giant frog skeletons (D:8)
  Crazy Yiuf (D:2)
  4 iguanas
  16 orc wizards
  11 orc priests
  6 hounds
  2 centaur skeletons
  10 worker ants
  A hound zombie (D:9)
  Robin (D:2)
  A gnoll (D:6)
  11 adders
  A shadow imp (D:8)
  An ufetubus (D:5)
  An adder zombie (D:6)
  2 oozes
  5 worms
  14 giant geckos
  65 orcs
  2 bat skeletons (D:4)
  A bat zombie (D:8)
  8 giant cockroaches
  15 goblins
  20 hobgoblins
  9 jackals
  34 kobolds
  18 bats
  3 giant newts
  A giant spore (D:12)
  A quokka skeleton (D:7)
  11 rats
  8 ballistomycetes (D:12)
400 creatures vanquished.

Vanquished Creatures (others)
  A quokka (D:7)
1 creature vanquished.

Grand Total: 401 creatures vanquished

Notes
Turn   | Place    | Note
--------------------------------------------------------------
     0 | D:1      | hornqvist, the Formicid Fighter, began the quest for the Orb.
     0 | D:1      | Reached XP level 1. HP: 18/18 MP: 1/1
   216 | D:1      | Reached XP level 2. HP: 21/24 MP: 2/2
   424 | D:1      | Reached skill level 1 in Dodging
   688 | D:1      | Reached XP level 3. HP: 26/29 MP: 3/3
   975 | D:2      | Reached skill level 4 in Shields
  1295 | D:2      | Found a deep blue altar of Sif Muna.
  1370 | D:2      | Noticed Robin
  1371 | D:2      | Reached XP level 4. HP: 35/35 MP: 4/4
  1379 | D:2      | Killed Robin
  1682 | D:2      | Noticed Crazy Yiuf
  1694 | D:2      | Killed Crazy Yiuf
  1694 | D:2      | Reached XP level 5. HP: 18/41 MP: 5/5
  2185 | D:3      | Found a burning altar of Makhleb.
  2187 | D:3      | Found a stormy altar of Qazlal.
  2187 | D:3      | Noticed a fire elemental
  2569 | D:3      | Reached XP level 6. HP: 35/47 MP: 6/6
  2843 | D:3      | Found a sparkling altar of Nemelex Xobeh.
  3663 | D:4      | Reached skill level 5 in Shields
  3725 | D:4      | Reached skill level 5 in Axes
  3725 | D:4      | Reached XP level 7. HP: 24/52 MP: 7/7
  3955 | D:4      | Found a white marble altar of Elyvilon.
  4742 | D:5      | Entered Level 5 of the Dungeon
  4844 | D:5      | Found a shattered altar of Ashenzari.
  4883 | D:5      | Found a radiant altar of Vehumet.
  4892 | D:5      | Reached skill level 6 in Axes
  4912 | D:5      | Found a shadowy altar of Dithmenos.
  5061 | D:5      | Reached XP level 8. HP: 54/58 MP: 8/8
  5166 | D:5      | Found a staircase to the Ecumenical Temple.
  5333 | D:5      | Noticed Eustachio
  5366 | D:5      | Killed Eustachio
  5366 | D:5      | Reached skill level 7 in Axes
  5876 | D:6      | Found an iron altar of Okawaru.
  5934 | D:6      | Reached XP level 9. HP: 52/64 MP: 9/9
  6083 | D:6      | Reached skill level 8 in Axes
  6193 | D:6      | Reached skill level 5 in Dodging
  6860 | D:7      | Reached skill level 9 in Axes
  7024 | Temple   | Entered the Ecumenical Temple
  7059 | Temple   | Became a worshipper of Gozag Ym Sagoz the Greedy
  7234 | D:7      | Found a blossoming altar of Fedhas.
  7310 | D:7      | Noticed Pikel
  7354 | D:7      | Killed Pikel
  7354 | D:7      | Reached XP level 10. HP: 29/70 MP: 10/10
  7785 | D:7      | Found a snail-covered altar of Cheibriados.
  7981 | D:8      | Reached skill level 10 in Axes
  8058 | D:8      | Found Tesang's Magic Scroll Boutique.
  8088 | D:8      | Found Faxed's Weapon Boutique.
  8121 | D:8      | Bought a +0 great mace for 97 gold pieces
  8288 | D:8      | Found a glowing golden altar of the Shining One.
  8867 | D:8      | Found Raoveur's Distillery.
  8870 | D:8      | Bought a potion of heal wounds for 65 gold pieces
  8877 | D:8      | Gained mutation: You are robust (+10% HP). [potion of mutation]
  8877 | D:8      | Gained mutation: You are resistant to hostile enchantments. [potion of mutation]
  8877 | D:8      | Gained mutation: You are weak. (Str -2) [potion of mutation]
  8879 | D:8      | Gained mutation: You possess an exceptional clarity of mind. [potion of beneficial mutation]
  8958 | D:8      | Found Cupiora's Food Boutique.
  9087 | D:8      | Found Pioch's Weapon Shop.
  9321 | D:9      | Found a bloodstained altar of Trog.
  9606 | D:9      | Reached skill level 10 in Shields
  9620 | D:9      | Reached skill level 11 in Axes
  9650 | D:9      | Noticed Maurice
  9676 | D:9      | Killed Maurice
  9676 | D:9      | Reached XP level 11. HP: 82/82 MP: 11/11
  9704 | D:9      | Found a staircase to the Orcish Mines.
 10207 | D:10     | Entered Level 10 of the Dungeon
 10219 | D:10     | Noticed Urug
 10252 | D:10     | Killed Urug
 10620 | D:10     | Found a staircase to the Lair.
 10974 | D:10     | Got a faintly glowing turquoise ring
 11041 | D:10     | Found Zybuc's Jewellery Emporium.
 11051 | D:10     | Identified the ring "Feagagesk" {Fire Str-2 Dex+3} (You found it on level 10 of the Dungeon)
 11564 | D:10     | Noticed a hill giant
 11572 | D:10     | Killed a hill giant
 11572 | D:10     | Reached skill level 12 in Axes
 11624 | D:11     | Noticed a hill giant
 11633 | D:11     | Killed a hill giant
 11831 | D:11     | Noticed a cyclops
 11848 | D:11     | Killed a cyclops
 11903 | D:11     | Found a large runed door.
 11903 | D:11     | Found a large runed door.
 11917 | D:11     | Noticed a manticore
 11937 | D:11     | Killed a manticore
 11976 | D:11     | Found a labyrinth entrance.
 12015 | Lab      | Entered a labyrinth
 12758 | Lab      | Noticed a minotaur
 12769 | Lab      | Killed a minotaur
 12773 | Lab      | Got a faintly humming cloak
 12789 | Lab      | Reached XP level 12. HP: 43/89 MP: 12/12
 12831 | Lab      | Identified the +1 cloak "Omelouri" {-Tele MP+9 Int+6} (You found it in a labyrinth)
 13221 | D:11     | Noticed a hill giant
 13230 | D:11     | Killed a hill giant
 13259 | D:11     | Noticed a hill giant
 13269 | D:11     | Killed a hill giant
 13269 | D:11     | Reached skill level 13 in Axes
 13363 | D:11     | Noticed a purple ugly thing
 13380 | D:11     | Killed a purple ugly thing
 13607 | D:12     | Found Hootiutz's Antique Armour Shoppe.
 13615 | D:12     | Bought a pair of embroidered boots for 117 gold pieces
 13625 | D:12     | Identified a +2 pair of boots of running (You bought it in a shop on level 12 of the Dungeon)
 15049 | D:13     | Noticed an eight-headed hydra
 15060 | D:13     | Killed an eight-headed hydra
 15230 | D:13     | Noticed an eight-headed hydra
 15239 | D:13     | Killed an eight-headed hydra
 15239 | D:13     | Reached skill level 14 in Axes
 15357 | D:13     | Slain by an enormous slime creature

Action                   |  1- 3 |  4- 6 |  7- 9 | 10-12 || total
-------------------------+-------+-------+-------+-------++-------
Melee: War axe           |    84 |   193 |   429 |       ||   706
       Hand axe          |       |       |    67 |   495 ||   562
       Great mace        |       |       |       |   612 ||   612
Invok: Call Merchant     |       |       |       |     2 ||     2
 Abil: Dig               |       |     3 |     1 |     5 ||     9
  Use: Potion            |       |       |     4 |    15 ||    19
       Scroll            |       |       |    10 |    10 ||    20
 Stab: Distracted        |       |       |       |     7 ||     7
  Eat: Chunk             |     2 |     7 |    12 |       ||    21
       Bread ration      |       |       |       |     6 ||     6
       Beef jerky        |       |       |       |     3 ||     3
       Pizza             |       |       |       |     2 ||     2
       Royal jelly       |       |       |       |     1 ||     1
